 Dungeon Crawl Stone Soup version 0.21-a0-52-gbf49515 (webtiles) character file.

186 BrendanD the Skirmisher (level 5, -2/43 HPs)
             Began as a Demonspawn Berserker on June 13, 2017.
             Was a Believer of Trog.
             Slain by an ogre
             ... wielding a +0 giant club
              (6 damage)
             ... on level 3 of the Dungeon.
             The game lasted 00:05:14 (3445 turns).

BrendanD the Skirmisher (Demonspawn Berserker)      Turns: 3445, Time: 00:05:15

Health: -2/43      AC: 12    Str: 19    XL:     5   Next: 38%
Magic:  5/5        EV:  6    Int:  8    God:    Trog [**....]
Gold:   168        SH:  0    Dex: 12    Spells: 4/4 levels left

rFire    + . .     SeeInvis .   a - +0 falchion
rCold    . . .     Gourm    .   (no shield)
rNeg     . . .     Faith    .   k - +0 plate armour
rPois    .         Spirit   .   (helmet restricted)
rElec    .         Reflect  .   b - +0 cloak
rCorr    .         Harm     .   (no gloves)
MR       .....                  (no boots)
Stlth    ..........             (no amulet)
Regen    0.2/turn               f - ring of flight
MPRegen  0.1/turn               (no ring)

@: no status effects
A: horns 2, fire resistance 1, nightstalker 1
a: Berserk, Trog's Hand, Burn Spellbooks, Renounce Religion, Evoke Flight


You were on level 3 of the Dungeon.
You worshipped Trog.
Trog was pleased with you.
You were hungry.

You visited 1 branch of the dungeon, and saw 3 of its levels.

You collected 168 gold pieces.

Inventory:

Hand Weapons
 a - a +0 falchion (weapon)
Armour
 b - a +0 cloak (worn)
 k - a +0 plate armour (worn)
Jewellery
 f - a ring of flight (left hand)
Scrolls
 d - 2 scrolls of fog {unknown}
 e - 3 scrolls of remove curse {unknown}
 i - a scroll of enchant weapon {unknown}
Potions
 g - a potion of might {unknown}
 h - a potion of brilliance {unknown}
 l - a potion of mutation {unknown}
 m - a potion of ambrosia {unknown}
 n - 2 potions of curing {unknown}
 q - a potion of haste {unknown}
Comestibles
 c - 3 bread rations
 o - 2 royal jellies
 p - 2 meat rations


   Skills:
 * Level 4.5 Fighting
 * Level 4.0 Long Blades
 + Level 2.8 Armour
 - Level 1.7 Dodging


You had 4 spell levels left.
You didn't know any spells.

Dungeon Overview and Level Annotations

Branches:
Dungeon (3/15)

Altars:
Trog


Innate Abilities, Weirdness & Mutations

You have a pair of horns on your head.
Your flesh is heat resistant. (rF+)
You are slightly more attuned to the shadows.


Message History

You are too injured to fight recklessly!
You are too injured to fight recklessly!
You are too injured to fight recklessly!
You are too injured to fight recklessly!
You are too injured to fight recklessly!
You are too injured to fight recklessly!
You are too injured to fight recklessly!
You are too injured to fight recklessly!
You are too injured to fight recklessly!
You are too injured to fight recklessly!
You are too injured to fight recklessly!
You are too injured to fight recklessly!
You are too injured to fight recklessly!
Your plate armour prevents you from hitting the ogre.
The ogre hits you but does no damage.
You closely miss the ogre. The ogre hits you with a giant club!!
* * * LOW HITPOINT WARNING * * *
You hit the ogre. The ogre closely misses you.
You closely miss the ogre. The ogre hits you with a giant club.
You die...

#.##.#####.##.####
#................#
#..#.#.#.#.......#
#..#.......#...#.#
#......#.####.##.####
##.#####.# #.##.....
#.# # # #.#######
#.#####.# #.# #..@O...#
#.# ######### #.# ###
#.# ##.## #.#
##.#.##########.#
#.###>......(##.##
##.#.#######.##..######
##.## #........... #.#
##.....#####


You could see an ogre.

Vanquished Creatures
  A scorpion (D:3)
  Jessica (D:2)
  An adder (D:2)
  2 dart slugs
  3 worms
  A leopard gecko (D:2)
  2 orcs
  2 ball pythons (D:2)
  2 giant cockroaches
  9 goblins
  11 hobgoblins
  12 jackals
  A quokka (D:3)
  8 bats
  7 frilled lizards
  11 kobolds
  7 rats
81 creatures vanquished.

Notes
Turn   | Place    | Note
-------+----------+-------------------------------------------
     0 | D:1      | BrendanD the Demonspawn Berserker began the quest for the Orb.
     0 | D:1      | Reached XP level 1. HP: 18/18 MP: 1/1
   102 | D:1      | Gained mutation: Your flesh is heat resistant. (rF+) [demonic ancestry]
   102 | D:1      | Reached XP level 2. HP: 14/24 MP: 2/2
   992 | D:1      | Gained mutation: You are slightly more attuned to the shadows. [demonic ancestry]
   992 | D:1      | Reached XP level 3. HP: 29/29 MP: 3/3
  1212 | D:1      | Reached ** piety under Trog
  1980 | D:2      | Noticed Jessica
  1987 | D:2      | Killed Jessica
  1987 | D:2      | Gained mutation: You have a pair of small horns on your head. [demonic ancestry]
  1987 | D:2      | Reached XP level 4. HP: 37/37 MP: 4/4
  2008 | D:2      | Found a bloodstained altar of Trog.
  2679 | D:3      | Gained mutation: You have a pair of horns on your head. [demonic ancestry]
  2679 | D:3      | Reached XP level 5. HP: 19/43 MP: 5/5
  3434 | D:3      | Noticed an ogre
  3445 | D:3      | Slain by an ogre

Vault maps used:
D:1:      lightli_arrival_farm, minmay_statues_item, minmay_misc_feat_ornament
D:2:      trog_butcher_becter, uniq_jessica
D:3:      hangedman_decor_clover_reticule, roderic_lattice_a

Skill      XL: |  1  2  3  4  5 |
---------------+----------------+-----
Armour         | 2 |  2.8
Long Blades    | 3 4 |  4.0
Fighting       | 4 |  4.5
Dodging        | |  1.7

Action                   |  1- 3 |  4- 6 || total
-------------------------+-------+-------++-------
Melee: Falchion          |   164 |    99 ||   263
       Headbutt          |       |    26 ||    26
Invok: Berserk           |     1 |       ||     1
 Stab: Sleeping          |     1 |       ||     1
  Eat: Chunk             |     4 |     5 ||     9
Armor: Animal skin       |     9 |       ||     9
       Chain mail        |    57 |       ||    57
       Leather armour    |    10 |     9 ||    19
       Plate armour      |       |    36 ||    36
Dodge: Dodged            |    98 |    38 ||   136
       Rpst.: Falchion   |    27 |    12 ||    39
